 Dungeon Crawl Stone Soup version 0.24.0-2-g5b39cebb1c (webtiles) character file.

Game seed: 12218786928037680902, levelgen mode: deterministic

1258 Mrkan the Grappler (level 8, 0/83 HPs)
             Began as a Troll Monk on Oct 30, 2019.
             Was a Believer of Makhleb.
             Slain by an orc priest
             ... wielding a +0 flail
              (9 damage)
             ... on level 5 of the Dungeon.
             The game lasted 00:07:00 (2857 turns).

Mrkan the Grappler (Troll Monk)                     Turns: 2857, Time: 00:07:01

Health: 0/83       AC:  6    Str: 20    XL:     8   Next: 27%
Magic:  7/7        EV: 10    Int:  8    God:    Makhleb [**....]
Gold:   219        SH:  0    Dex: 12    Spells: 7/7 levels left

rFire    . . .     SeeInvis .     - Unarmed
rCold    . . .     Gourm    +   (no shield)
rNeg     . . .     Faith    .   a - +0 robe
rPois    .         Spirit   .   (helmet restricted)
rElec    .         Reflect  .   (no cloak)
rCorr    .         Harm     .   (gloves unavailable)
MR       .....                  (boots unavailable)
Stlth    ++........             (no amulet)
HPRegen  0.63/turn              (no ring)
MPRegen  0.10/turn              (no ring)

@: studying Fighting
A: large, unfitting armour, claws 3, fast metabolism 3, gourmand, regeneration
1, shaggy fur 1, tough skin 3
a: Minor Destruction, Renounce Religion


You were on level 5 of the Dungeon.
You worshipped Makhleb.
Makhleb was pleased with you.
You were completely stuffed.

You visited 2 branches of the dungeon, and saw 6 of its levels.

You collected 219 gold pieces.

Inventory:

Armour
 a - a +0 robe (worn)
Jewellery
 e - an uncursed amulet of the acrobat {unknown}
Wands
 r - a wand of flame (24)
Scrolls
 c - 4 scrolls of identify {unknown}
 f - 3 scrolls of remove curse {unknown}
 g - a scroll of random uselessness {unknown}
 i - 2 scrolls of teleportation {unknown}
 m - 2 scrolls of fog {unknown}
 n - a scroll of amnesia {unknown}
 p - a scroll of noise {unknown}
Potions
 d - 3 potions of heal wounds {unknown}
 h - a potion of might {unknown}
 j - 5 potions of curing {unknown}
 k - 5 potions of agility {unknown}
 l - 2 potions of mutation {unknown}
Books
 o - a manual of Fighting
Comestibles
 b - 10 rations
 q - 5 chunks of flesh


   Skills:
 + Level 6.0 Fighting
 - Level 2.4 Dodging
 - Level 1.0 Stealth
 * Level 8.8 Unarmed Combat


You had 7 spell levels left.
You didn't know any spells.
Your spell library was empty.

Dungeon Overview and Level Annotations

Branches:
Dungeon (5/15)             Temple (1/1) D:4

Altars:
Ashenzari
Cheibriados
Fedhas
Makhleb
Uskayaw
Vehumet
Xom
Yredelemnul


Innate Abilities, Weirdness & Mutations

You are too large for most types of armour.
You have claws for hands.
Your metabolism is lightning-fast.
You like to eat raw meat.
Your natural rate of healing is unusually fast.
You are covered in fur. (AC +1)
You have extremely tough skin. (AC +3)


Message History

An orc comes into view.
An orc priest comes into view. It is wielding a +0 flail.
The orc priest shouts!
The orc shouts!
The orc hits you.
You barely miss the orc. The orc barely misses you.
The orc priest hits you but does no damage.
You closely miss the orc. The orc hits you but does no damage.
You scratch the orc priest but do no damage.
The orc priest hits you with a +0 flail.
* * * LOW HITPOINT WARNING * * *
The orc hits you but does no damage.
You closely miss the orc priest. The orc hits you but does no damage.
The orc priest begins to cast a cantrip, but forgets the words!
You barely miss the orc priest. The orc hits you but does no damage.
The orc priest invokes the aid of Beogh against you.
Pain shoots through your body!
* * * LOW HITPOINT WARNING * * *
You closely miss the orc priest. The orc barely misses you.
The orc priest hits you with a +0 flail!
You die...

....## ..#............
.....### ..........!..
.......# . #......._...
.......#(.. #..........
.##..... ... #)).#####.
..#..# .... ###)#.#(..#.
....## #...##.#.).#(..#.
.....# .# ##..o.....#####.
.....##.##.#...o@..........
............##.###...###...
.......#....##.........#..#
# .......# #........##÷##
.#"#. .......#.
#.......###.## .....
#........# #...###
##..#.....#
..###.....##...#
###÷.÷....... ..#
......#...###.#)#........
..#
..............#.#........


You could see 2 dancing weapons, an orc priest and an orc.

Vanquished Creatures
  Sigmund (D:2)
  An ice beast (D:5)
  3 ogres (D:4)
  2 scorpions
  2 howler monkeys
  A crimson imp (D:5)
  3 hounds
  3 centaur skeletons
  A gnoll shaman (D:5)
  3 iguanas
  10 gnolls
  7 adders
  4 oozes
  6 worms
  A dart slug (D:2)
  3 leopard geckos
  2 orcs
  4 ball pythons
  A giant cockroach (D:3)
  2 goblins
  5 hobgoblins
  4 jackals (D:1)
  3 quokkas
  8 bats
  2 frilled lizards
  7 kobolds
  A leopard gecko skeleton (D:4)
  A quokka skeleton (D:4)
  5 rats
96 creatures vanquished.

Notes
Turn   | Place    | Note
-------+----------+-------------------------------------------
     0 | D:1      | Mrkan the Troll Monk began the quest for the Orb.
     0 | D:1      | Reached XP level 1. HP: 22/22 MP: 0/0
   250 | D:1      | Reached XP level 2. HP: 29/29 MP: 1/1
   681 | D:2      | Noticed Sigmund
   697 | D:2      | Reached XP level 3. HP: 36/36 MP: 2/2
   720 | D:2      | Reached skill level 4 in Unarmed Combat
  1192 | D:2      | Killed Sigmund
  1192 | D:2      | Reached skill level 5 in Unarmed Combat
  1192 | D:2      | Reached XP level 4. HP: 16/45 MP: 3/3
  1192 | D:2      | Reached XP level 5. HP: 19/53 MP: 4/4
  1497 | D:3      | Reached XP level 6. HP: 62/62 MP: 5/5
  1813 | D:4      | Reached skill level 6 in Unarmed Combat
  1934 | D:4      | Found a staircase to the Ecumenical Temple.
  2005 | Temple   | Entered the Ecumenical Temple
  2044 | Temple   | Became a worshipper of Makhleb the Destroyer
  2044 | Temple   | Reached * piety under Makhleb
  2044 | Temple   | Reached ** piety under Makhleb
  2140 | D:4      | Reached XP level 7. HP: 65/71 MP: 6/6
  2145 | D:4      | Reached skill level 7 in Unarmed Combat
  2551 | D:5      | Entered Level 5 of the Dungeon
  2570 | D:5      | Reached skill level 5 in Fighting
  2598 | D:5      | Reached skill level 8 in Unarmed Combat
  2778 | D:5      | Reached XP level 8. HP: 42/81 MP: 7/7
  2820 | D:5      | Noticed a +0 hand axe
  2820 | D:5      | Noticed a +0 hand axe
  2821 | D:5      | Found a hide-covered altar of Uskayaw.
  2857 | D:5      | Slain by an orc priest

Levels and vault maps discovered:
D:1:      dpeg_arrival_round_c, layout_basic, minmay_misc_feat_tiny
D:2:      layout_basic, uniq_sigmund
D:3:      layout_rooms, first_ration
D:4:      minmay_chambers_of_twos, layout_basic, minmay_temple_entry_junction,
          minmay_manual_moon
D:5:      layout_cave_pools, dancing_weapons_uskayaw
Temple:   minmay_crystal_spiral_temple

Skill      XL: |  1  2  3  4  5  6  7  8 |
---------------+-------------------------+-----
Unarmed Combat | 5 6 8 |  8.8
Fighting       | 3 4 5 6 |  6.0
Dodging        | |  2.4
Stealth        | |  1.0

Action                   |  1- 3 |  4- 6 |  7- 9 || total
-------------------------+-------+-------+-------++-------
Melee: Unarmed           |    89 |   108 |   102 ||   299
       Punch             |     1 |     3 |     4 ||     8
 Stab: Sleeping          |     2 |     1 |     1 ||     4
  Eat: Chunk             |    16 |     9 |     7 ||    32
Armor: Robe              |    49 |    28 |    26 ||   103
Dodge: Dodged            |    55 |    73 |    36 ||   164
